Map: [EWC] Site Delta

Players

Solar

  • Race: Zerg Zerg
  • Spawn Location: 5:00

herO - Winner!

  • Race: Protoss Protoss
  • Spawn Location: 11:00

Event: Esports World Cup 2024

VOD

Have the link to the VOD?

Description

Time

  • Played on: Aug. 14, 2024, 12:06 p.m.
  • Length: 20:34

All games in this series

Show
View Real Time Build Order
Export as new Build Order

Solar Zerg 

Build Orders: Hatch First, Lurkers, Roach Hydra 

Get SALT Encoding   

  12  0:00  Drone  
  13  0:12  Overlord  
  13  0:18  Drone  
  14  0:35  Drone  
  15  0:36  Drone  
  16  0:47  Hatchery  
  15  0:51  Drone  
  15  0:55  Drone  
  17  0:58  Drone  
  18  1:09  Extractor  
  17  1:14  Spawning Pool  
  17  1:16  Drone  
  17  1:21  Drone  
  18  1:29  Drone  
  19  1:40  Drone  
  20  1:51  Overlord  
  20  2:00  Queen  
  20  2:01  Queen, Zergling x4  
  26  2:11  Drone  
  26  2:12  Drone  
  26  2:15  Metabolic Boost  
  28  2:21  Drone  
  28  2:22  Drone  
  30  2:36  Hatchery  
  29  2:41  Drone  
  30  2:46  Queen  
  30  2:50  Overlord  
  32  2:54  Drone x2  
  32  2:56  Drone  
  35  2:59  Drone  
  36  3:07  Queen  
  36  3:09  Drone x2  
  36  3:11  Drone  
  41  3:13  Zergling x2  
  41  3:17  Overlord  
  42  3:23  Queen  
  42  3:25  Spore Crawler  
  43  3:27  Zergling x2  
  43  3:31  Overlord  
  44  3:36  Drone x3  
  44  3:40  Zergling x2  
  47  3:45  Drone x3  
  47  3:48  Queen  
  52  3:49  Zergling x2  
  53  3:59  Queen  
  53  4:02  Overlord  
  55  4:08  Drone x3  
  55  4:09  Drone x2  
  60  4:10  Spore Crawler  
  59  4:19  Overlord  
  59  4:22  Zergling x4  
  61  4:25  Drone x3  
  61  4:31  Drone x2  
  63  4:34  Drone  
  63  4:39  Zergling x6  
  63  4:42  Overlord  
  65  4:46  Drone x5  
  65  4:50  Spore Crawler  
  65  4:51  Lair  
  65  4:52  Drone x3  
  72  4:57  Roach Warren  
  71  5:02  Drone  
  71  5:03  Drone x2  
  73  5:10  Drone x4  
  73  5:13  Drone  
  76  5:14  Extractor  
  76  5:15  Extractor  
  76  5:16  Drone x4  
  76  5:17  Drone  
  76  5:19  Drone  
  76  5:20  Drone  
  81  5:21  Overlord  
  81  5:26  Drone  
  81  5:27  Drone  
  83  5:33  Evolution Chamber  
  83  5:35  Drone  
  83  5:36  Drone x2  
  83  5:38  Overlord, Extractor  
  83  5:39  Extractor  
  83  5:43  Drone  
  83  5:44  Hatchery  
  83  5:45  Extractor  
  83  5:46  Drone x3  
  83  5:47  Overlord  
  83  5:48  Overlord  
  85  5:54  Glial Reconstitution  
  85  5:57  Overseer, Overlord  
  84  5:58  Roach x4  
  84  6:01  Overlord  
  84  6:04  Overlord  
  92  6:09  Roach x2  
  96  6:12  Zerg Missile Weapons Level 1  
  96  6:14  Drone x4  
  96  6:16  Drone  
  101  6:22  Overlord  
  101  6:23  Drone x2  
  101  6:25  Drone  
  104  6:26  Roach x2  
  104  6:27  Overlord  
  104  6:30  Infestation Pit  
  107  6:33  Roach x3  
  107  6:36  Overlord  
  107  6:39  Overlord  
  113  6:42  Overseer  
  113  6:43  Hydralisk Den  
  113  6:44  Pneumatized Carapace  
  113  6:47  Roach  
  113  6:50  Drone x3  
  113  6:51  Drone  
  113  6:52  Drone x2  
  119  6:55  Extractor  
  119  6:56  Roach x2  
  119  6:57  Drone  
  119  6:58  Extractor  
  119  7:00  Drone x2  
  123  7:02  Roach x2  
  123  7:05  Zergling x2  
  123  7:07  Zergling x2  
  123  7:08  Overseer  
  129  7:14  Hive  
  129  7:16  Zergling x12  
  129  7:20  Drone x2, Spore Crawler  
  135  7:24  Lurker Den  
  135  7:25  Drone  
  135  7:26  Drone x3  
  135  7:28  Drone  
  136  7:38  Overlord  
  136  7:39  Drone  
  137  7:46  Grooved Spines  
  137  7:47  Hydralisk x2  
  137  7:48  Hydralisk x3  
  137  7:50  Hydralisk x2  
  137  7:51  Hydralisk  
  151  7:54  Drone  
  151  7:55  Hydralisk x2  
  151  7:57  Evolution Chamber  
  157  8:06  Drone x3  
  157  8:07  Drone x2, Overlord  
  157  8:09  Overlord  
  162  8:15  Overlord  
  162  8:19  Hydralisk  
  160  8:20  Hydralisk  
  160  8:22  Overlord  
  160  8:23  Hatchery  
  160  8:26  Seismic Spines  
  163  8:29  Drone  
  163  8:31  Drone  
  163  8:32  Zerg Missile Weapons Level 2  
  163  8:33  Zerg Melee Weapons Level 1  
  165  8:37  Lurker  
  165  8:38  Lurker x5  
  165  8:40  Drone x2  
  172  8:43  Zergling x10  
  172  8:47  Lurker  
  178  8:49  Extractor  
  178  8:50  Lurker  
  178  8:52  Lurker  
  178  8:53  Overlord  
  178  8:55  Overlord  
  178  8:58  Muscular Augments  
  178  9:00  Spine Crawler x2, Overseer  
  176  9:03  Drone, Extractor  
  176  9:04  Drone x2, Overlord  
  176  9:08  Lurker  
  179  9:10  Zergling x16  
  187  9:17  Hydralisk x4  
  187  9:21  Adrenal Glands  
  187  9:23  Zergling x4, Adaptive Talons  
  196  9:31  Zergling x8  
  196  9:32  Zergling x2  
  198  9:39  Overlord  
  198  9:42  Nydus Network  
  198  9:44  Lurker x2  
  199  9:48  Zergling x4  
  198  9:57  Spine Crawler  
  198  9:58  Drone  
  198  10:05  Hatchery  
  195  10:11  Zergling x10  
  198  10:15  Spire  
  198  10:19  Hydralisk  
  198  10:20  Overseer  
  199  10:29  Zerg Melee Weapons Level 2  
  199  10:35  Viper  
  193  10:36  Hydralisk x2  
  190  10:45  Zergling x20  
  190  10:49  Hydralisk  
  177  10:50  Hydralisk  
  175  11:00  Zergling x18  
  178  11:14  Zergling x2  
  178  11:15  Zergling x6, Lurker  
  178  11:16  Lurker  
  182  11:23  Nydus Canal  
  182  11:27  Zerg Flyer Weapons Level 1, Corruptor x9  
  182  11:30  Overlord  
  182  11:32  Overseer, Overlord  
  199  11:37  Corruptor  
  199  11:42  Zerg Ground Armor Level 1  
  198  11:48  Overseer  
  198  11:49  Overseer  
  198  11:52  Corruptor x2  
  198  12:00  Corruptor  
  195  12:08  Zergling x16  
  195  12:10  Corruptor x3  
  192  12:22  Corruptor x8  
  183  12:25  Lurker  
  183  12:26  Lurker  
  183  12:29  Drone x2  
  196  12:31  Drone  
  196  12:33  Hatchery  
  196  12:34  Corruptor  
  194  12:45  Zerg Missile Weapons Level 3  
  194  12:49  Zergling x10  
  192  12:58  Lurker x2  
  194  13:00  Zergling x12  
  191  13:21  Overlord  
  191  13:23  Hydralisk x3  
  187  13:38  Zergling x18  
  187  13:41  Greater Spire  
  194  13:45  Hatchery, Hydralisk x3  
  199  14:02  Spine Crawler  
  198  14:08  Zergling x8  
  197  14:10  Zerg Ground Armor Level 2  
  197  14:12  Zergling x8  
  197  14:13  Zergling x2  
  198  14:19  Lurker  
  198  14:20  Zergling x2  
  198  14:21  Zergling x4  
  199  14:35  Zergling x24  
  200  14:45  Zergling x18  
  196  14:56  Zergling x6  
  196  15:05  Zerg Flyer Weapons Level 2  
  196  15:06  Zergling x16  
  197  15:13  Zergling x4  
  196  15:18  Infestor, Corruptor x2  
  198  15:24  Zergling x8  
  179  15:36  Corruptor  
  179  15:37  Corruptor  
  179  15:38  Overlord  
  179  15:39  Overlord  
  179  15:40  Overlord  
  179  15:41  Zergling x2  
  180  15:46  Zergling x8  
  183  15:53  Drone x6  
  183  15:55  Spine Crawler x2  
  185  16:03  Lurker  
  186  16:12  Zergling x8  
  186  16:16  Corruptor x4  
  197  16:21  Drone x2  
  191  16:26  Spore Crawler  
  191  16:27  Extractor  
  191  16:28  Hatchery  
  172  16:43  Brood Lord x8  
  182  16:55  Corruptor  
  182  16:56  Corruptor x2  
  186  17:02  Viper x2  
  184  17:20  Corruptor x4  
  186  17:28  Corruptor  
  177  17:48  Brood Lord  
  177  17:49  Brood Lord  
  177  17:50  Brood Lord  
  177  17:51  Corruptor x3  
  189  18:08  Overseer  
  189  18:09  Corruptor x4  
  175  18:37  Brood Lord  
  175  18:38  Brood Lord  
  175  18:40  Brood Lord  
  181  18:44  Brood Lord  
  181  18:45  Zergling x6  
  186  19:00  Hatchery  
  182  19:04  Hydralisk x3  
  181  19:12  Hydralisk x4  
  185  19:21  Zergling x2  
  185  19:22  Zergling x8  
  174  19:27  Zergling x6  
  160  19:38  Zergling x2  
  160  19:41  Zergling x2  
  139  19:49  Zergling x2  
  120  20:00  Zergling x2  
  118  20:09  Zergling x2  
Show
View Real Time Build Order
Export as new Build Order

herO Protoss - Winner!

Build Orders: 1 Gate Expand, Oracle Opening 

Get SALT Encoding   

  12  0:00  Probe  
  13  0:12  Probe  
  14  0:17  Pylon  
  14  0:24  Probe (Chrono Boost)  
  16  0:36  Probe (Chrono Boost)  
  16  0:38  Gateway  
  16  0:43  Probe (Chrono Boost)  
  16  0:46  Assimilator  
  17  0:51  Probe  
  18  1:03  Probe  
  19  1:15  Probe  
  20  1:23  Nexus  
  20  1:33  Cybernetics Core  
  20  1:36  Probe  
  21  1:42  Assimilator  
  21  1:48  Probe  
  21  1:52  Pylon  
  22  2:00  Probe  
  23  2:07  Adept (Chrono Boost)  
  23  2:12  Probe  
  23  2:14  Stargate  
  26  2:21  Warp Gate  
  26  2:25  Probe (Chrono Boost)  
  27  2:30  Adept  
  27  2:35  Probe (Chrono Boost)  
  31  2:42  Probe (Chrono Boost)  
  32  2:44  Probe (Chrono Boost)  
  32  2:49  Probe x2 (Chrono Boost)  
  33  2:55  Oracle (Chrono Boost)  
  37  3:00  Adept  
  37  3:01  Probe  
  37  3:02  Probe  
  41  3:11  Pylon  
  41  3:13  Probe  
  41  3:14  Probe  
  43  3:25  Probe  
  43  3:26  Oracle (Chrono Boost), Probe  
  48  3:38  Probe x2  
  50  3:44  Nexus  
  50  3:46  Pylon  
  50  3:52  Probe x2  
  52  3:56  Assimilator  
  52  3:58  Assimilator  
  52  4:01  Oracle (Chrono Boost)  
  52  4:04  Probe x2  
  57  4:15  Forge, Twilight Council  
  57  4:16  Probe x2  
  59  4:21  Pylon  
  59  4:28  Probe x2  
  59  4:29  Gateway  
  61  4:32  Gateway, Protoss Ground Weapons Level 1  
  61  4:44  Adept  
  61  4:45  Probe x2  
  61  4:46  Blink (Chrono Boost)  
  63  4:56  Gateway  
  63  4:58  Probe (Chrono Boost)  
  66  5:03  Probe x2 (Chrono Boost)  
  66  5:04  Stalker  
  69  5:08  Probe (Chrono Boost)  
  69  5:11  Probe x2 (Chrono Boost)  
  69  5:13  Probe (Chrono Boost)  
  69  5:14  Shield Battery  
  69  5:19  Gateway  
  68  5:22  Gateway  
  68  5:24  Sentry  
  68  5:28  Stalker x2  
  74  5:31  Pylon  
  74  5:32  Probe x2  
  74  5:34  Probe  
  77  5:39  Pylon  
  77  5:44  Probe x2  
  77  5:46  Probe  
  77  5:49  Stalker  
  82  5:53  Stalker  
  82  5:54  Stalker x2  
  88  5:57  Pylon  
  88  6:01  Assimilator, Probe x3  
  88  6:03  Assimilator  
  91  6:08  Pylon x2  
  91  6:13  Probe x2  
  91  6:14  Probe  
  91  6:18  Stalker x3  
  100  6:24  Charge  
  100  6:26  Robotics Facility, Probe  
  100  6:29  Stalker x2  
  105  6:36  Protoss Ground Weapons Level 2 (Chrono Boost)  
  105  6:42  Templar Archives  
  105  6:51  Nexus  
  105  6:52  Pylon  
  105  6:54  Zealot x3  
  105  6:55  Pylon  
  105  6:59  Pylon  
  105  7:01  Probe x3  
  113  7:02  Psionic Storm  
  114  7:14  Probe x3, Photon Cannon  
  117  7:16  Photon Cannon  
  117  7:17  Stalker  
  117  7:19  Shield Battery  
  117  7:20  High Templar x2  
  117  7:22  Shield Battery  
  123  7:30  Photon Cannon  
  123  7:34  High Templar x2  
  127  7:38  Immortal (Chrono Boost)  
  127  7:39  Photon Cannon  
  131  7:45  Pylon  
  131  7:47  Probe x3  
  131  7:51  Pylon  
  134  7:56  Assimilator  
  134  7:57  Photon Cannon  
  134  8:00  High Templar x2  
  134  8:01  Zealot x2  
  134  8:03  Photon Cannon  
  142  8:06  Assimilator  
  142  8:07  Immortal (Chrono Boost)  
  142  8:10  Shield Battery  
  142  8:11  Probe  
  142  8:12  Probe x3  
  150  8:17  Photon Cannon  
  150  8:23  Photon Cannon  
  150  8:29  Pylon  
  150  8:31  Fleet Beacon  
  150  8:32  Stargate  
  150  8:34  Protoss Air Weapons Level 1  
  150  8:37  Immortal (Chrono Boost)  
  150  8:39  Pylon  
  154  8:42  Probe x2  
  154  8:47  High Templar  
  158  8:49  Photon Cannon  
  158  8:50  Pylon  
  158  8:53  Shield Battery  
  158  8:54  Photon Cannon  
  158  8:58  Shield Battery  
  158  8:59  Zealot  
  158  9:00  Zealot x2  
  164  9:09  Shield Battery, Photon Cannon  
  164  9:12  Tempest x2 (Chrono Boost)  
  174  9:21  Protoss Ground Weapons Level 3 (Chrono Boost)  
  174  9:22  Mothership  
  170  9:45  Tempest x2 (Chrono Boost)  
  168  9:48  Warp Prism  
  180  9:56  Gateway  
  180  10:02  Photon Cannon  
  180  10:04  Photon Cannon  
  180  10:06  Photon Cannon  
  180  10:18  Tempest (Chrono Boost)  
  180  10:19  Tempest (Chrono Boost)  
  185  10:25  Immortal (Chrono Boost)  
  185  10:26  Photon Cannon  
  194  10:29  Pylon  
  194  10:38  Zealot x3  
  198  10:44  Pylon  
  198  10:46  Pylon  
  198  10:49  Pylon  
  194  10:53  Zealot x3  
  187  11:01  High Templar  
  187  11:02  High Templar x2, Immortal  
  194  11:15  Photon Cannon  
  194  11:17  Shield Battery  
  194  11:18  Photon Cannon  
  194  11:24  Fleet Beacon  
  194  11:26  Stargate  
  194  11:31  Stargate  
  194  11:35  Pylon  
  194  11:37  Zealot  
  196  11:41  Zealot x2  
  196  11:59  Protoss Shields Level 1 (Chrono Boost)  
  194  12:02  Zealot x4  
  193  12:12  Zealot x3  
  195  12:21  Tempest  
  195  12:22  Zealot  
  200  12:27  Dark Shrine  
  200  12:29  Zealot x3  
  196  12:35  Gateway, Pylon  
  196  12:36  Gateway x2  
  196  12:37  Immortal (Chrono Boost)  
  196  12:38  Gateway  
  199  12:54  Protoss Air Weapons Level 2 (Chrono Boost)  
  199  13:07  Gateway  
  199  13:08  Observer (Chrono Boost)  
  199  13:09  Gateway  
  191  13:16  Nexus  
  191  13:32  Zealot  
  191  13:33  Zealot x5  
  191  13:34  Mothership (Chrono Boost)  
  191  13:43  Gateway  
  191  13:45  Gateway, Pylon  
  191  13:46  Robotics Facility  
  191  13:47  Tempest  
  192  13:58  Dark Templar x4  
  192  13:59  Templar Archives  
  192  14:02  Archon x2  
  200  14:04  Protoss Shields Level 2 (Chrono Boost)  
  198  14:10  Photon Cannon  
  198  14:13  Photon Cannon  
  188  14:18  Dark Templar  
  188  14:19  Dark Templar x4  
  188  14:21  Shield Battery  
  188  14:22  Shield Battery  
  188  14:23  Shield Battery  
  192  14:24  Archon  
  192  14:25  Shield Battery, Archon  
  192  14:27  Shield Battery, Unknown  
  192  14:28  Shield Battery  
  192  14:30  Photon Cannon  
  190  14:32  Photon Cannon  
  188  14:42  Dark Templar x2  
  188  14:45  Observer  
  193  15:01  Assimilator  
  193  15:05  Assimilator  
  188  15:10  Stalker x5  
  188  15:11  Stalker x4  
  177  15:24  Mothership (Chrono Boost)  
  165  15:28  Tempest x2 (Chrono Boost)  
  167  15:42  Tempest (Chrono Boost)  
  146  15:51  High Templar x8  
  146  15:53  Zealot x6  
  146  15:55  Archon  
  146  15:56  Archon x2  
  174  16:01  Pylon  
  174  16:04  Nexus  
  174  16:06  Pylon  
  162  16:18  Zealot x5  
  162  16:19  Assimilator, Zealot  
  162  16:21  Protoss Air Weapons Level 3  
  173  16:26  Zealot x4  
  173  16:27  Zealot x4  
  189  16:55  Tempest x2 (Chrono Boost)  
  189  17:00  Tempest (Chrono Boost)  
  193  17:09  Dark Templar x3  
  193  17:15  Shield Battery  
  199  17:17  Assimilator, Photon Cannon  
  181  17:33  Tempest x2  
  181  17:35  Tempest  
  196  17:43  Stalker x2  
  200  17:57  Archon  
  162  18:30  Stalker x12  
  175  18:50  High Templar x2  
  175  18:53  Shield Battery  
  179  18:56  Shield Battery, High Templar x3  
  166  19:26  Stalker x2  
  166  19:27  Stalker x6  
  166  19:45  Archon  
  106  19:53  Stalker  
  106  19:54  Stalker x5  
  106  19:59  Observer  
Tags
 
Add a new tag
Caveats
  • Supply blocks, unpowered buildings, or Contaminate may cause inaccurate times.
  • Supply counts are checked every 10 seconds.